 Dungeon Crawl Stone Soup version 0.28.0-45-g0d030f2227 (webtiles) character file.

Game seed: 1841144551942578235

8324 CryoSword the Cruncher (level 11, -6/86 HPs)
             Began as a Formicid Fighter on Apr 10, 2022.
             Was an Initiate of Gozag.
             Mangled by a death yak (8 damage)
             ... on level 8 of the Dungeon.
             The game lasted 00:34:26 (16289 turns).

CryoSword the Cruncher (Formicid Fighter)          Turns: 16289, Time: 00:34:27

Health: -6/86      AC: 22    Str: 31    XL:     11   Next: 53%
Magic:  2/2        EV:  9    Int:  6    God:    Gozag
Gold:   561        SH:  6    Dex: 12    Spells: 10/10 levels left

rFire   . . .      SeeInvis +   j - +9 flail "Haugubro" {chaos, rPois MP-9 Str+8 Stlth-}
rCold   . . .      Faith    .   c - +0 buckler
rNeg    + . .      Spirit   .   f - +0 plate armour
rPois   +          Reflect  .   (helmet unavailable)
rElec   .          Harm     .   m - +1 cloak
rCorr   .          Rampage  .   e - +2 pair of gloves
Will    +....                   q - +2 pair of boots
Stlth   ..........              (no amulet)
HPRegen 0.24/turn               s - ring of positive energy
MPRegen 0.08/turn               (no ring)

@: mighty
A: permanent stasis, dig shafts and tunnels, antennae 3, four strong arms, dopey
1
a: Dig, Shaft Self, Renounce Religion, Potion Petition, Call Merchant, Bribe
Branch


You were on level 8 of the Dungeon.
You worshipped Gozag.
Gozag was pleased with you.
You visited 2 branches of the dungeon, and saw 11 of its levels.
You also visited: Bailey.

You collected 1561 gold pieces.
You spent 345 gold pieces at shops.
You paid 655 gold pieces to Gozag.

Inventory:

Hand Weapons
 a - a +0 hand crossbow
   (You bought it in a shop on level 7 of the Dungeon)
 j - the +9 flail "Haugubro" (weapon) {chaos, rPois MP-9 Str+8 Stlth-}
   (You found it on level 9 of the Dungeon)

   Each time it hits an enemy it has a different, random effect.
   Str:       It affects your strength (+8).
   rPois:     It protects you from poison.
   MP:        It affects your magic capacity (-9).
   Stlth:     It makes you less stealthy.
 w - a +0 quarterstaff
Missiles
 b - 15 javelins (quivered)
 g - 18 poisoned darts
 i - 9 boomerangs
 k - 115 bolts
Armour
 c - a +0 buckler (worn)
 e - a +2 pair of gloves (worn)
   (You found it on level 3 of the Dungeon)
 f - a +0 plate armour (worn)
   (You took it off an orc warrior on level 8 of the Dungeon)
 m - a +1 cloak (worn)
   (You found it on level 4 of the Dungeon)
 q - a +2 pair of boots (worn)
   (You bought it in a shop on level 7 of the Dungeon)
Jewellery
 s - a ring of positive energy (left hand)
   (You found it on level 8 of the Dungeon)
Wands
 u - a wand of iceblast (6)
   (You took it off an orc on level 8 of the Dungeon)
Scrolls
 o - a scroll of silence
 r - a scroll of fog {unknown}
 t - a scroll of fear {unknown}
 v - a scroll of magic mapping {unknown}
 x - a scroll of identify {@r1}
Potions
 d - 2 potions of cancellation
 h - a potion of berserk rage {unknown}
 l - 4 potions of curing {@q1}
 n - 2 potions of attraction {!q}
Miscellaneous
 p - a lightning rod (4/4) {!a}
   (You found it in a bailey)


   Skills:
 + Level 8.1 Fighting
 - Level 9.8 Staves
 * Level 1.2 Crossbows
 + Level 3.9 Throwing
 + Level 8.2 Armour
 - Level 5.0 Dodging
 * Level 8.9 Shields
 - Level 4.3 Evocations


You had 10 spell levels left.
You didn't know any spells.
Your spell library contained the following spells:

 Spells                   Type           Power      Damage    Failure   Level
 Animate Skeleton         Necr           0%         N/A       99%         1
 Apportation              Tloc           0%         N/A       99%         1
 Pain                     Necr           0%         1d4       99%         1
 Sting                    Tmut/Pois      0%         1d3       99%         1
 Summon Small Mammal      Summ           0%         N/A       99%         1
 Corpse Rot               Necr/Air       0%         N/A       100%        2
 Poisonous Vapours        Pois/Air       0%         N/A       100%        2
 Dazzling Flash           Conj/Hex       0%         N/A       100%        3
 Vampiric Draining        Necr           0%         2d6       100%        3
 Olgreb's Toxic Radiance  Pois           0%         N/A       100%        4
 Agony                    Necr           0%         N/A       100%        5
 Silence                  Hex/Air        0%         N/A       100%        5
 Summon Forest            Summ/Tloc      0%         N/A       100%        5
 Eringya's Noxious Bog    Tmut/Pois      0%         N/A       100%        6
 Summon Hydra             Summ           0%         N/A       100%        7


Dungeon Overview and Level Annotations

Branches:
Dungeon (10/15)            Temple (1/1) D:6          Bailey (visited)
   Lair: D:8-11         Orc: D:9-12

Altars:
Ashenzari
Cheibriados
Dithmenos
Fedhas
Gozag
Hepliaklqana
Kikubaaqudgha
Makhleb
Okawaru
Qazlal
Ru
Trog
Uskayaw
Vehumet
Wu Jian
Xom
Yredelemnul
Zin
The Shining One
Beogh

Shops:
D:7 [!*(   D:9 (

Annotations:
D:3 1 transporter, McKennaii's ghost, amateur DsFi
D:8 3 runed translucent doors, Ablot's ghost, novice GnWr
D:10 Nergalle


Innate Abilities, Weirdness & Mutations

You cannot be hasted, slowed, berserked, paralysed or teleported.
You can dig through walls and to a lower floor.
You have a pair of large antennae on your head. (SInv)
Your four strong arms can wield two-handed weapons with a shield.
You are dopey. (Int -2)


Message History

The orc shouts!
You hear a shout! x2
Ablot's ghost whispers, "You will understand me better in a moment."
The orc shouts!
The orc priest shouts!
You sense a monster nearby.
You sense a monster nearby.
You see here a scroll of blinking.
There is a stone staircase leading down here.
You climb downwards.
There is a stone staircase leading up here.
Throw: 9 boomerangs
Aim: a hell rat (63% to hit)
You throw a boomerang. The boomerang hits the hell rat!
Throw: 9 boomerangs
Aim: a hell rat (moderately wounded, 63% to hit)
You throw a boomerang. The boomerang hits the hell rat.
Throw: 9 boomerangs
Aim: a hell rat (heavily wounded, 63% to hit)
You throw a boomerang.
The boomerang hits the hell rat but does no damage.
Throw: 9 boomerangs
Aim: a hell rat (heavily wounded, 63% to hit)
You throw a boomerang.
The boomerang hits the hell rat but does no damage.
The hell rat bites you but does no damage.
You hit the hell rat but do no damage. The hell rat barely misses you.
You closely miss the hell rat. The hell rat barely misses you.
You hit the hell rat.
Space warps around the hell rat.
You kill the hell rat!
You now have 548 gold pieces (gained 8).
There is an open door here.
Things that are here:
10 arrows; a +0 shortbow The death yak bellows!
Throw: 21 javelins
Aim: a death yak (80% to hit)
You throw a javelin.
The javelin pierces through the death yak!
The death yak gores you but does no damage.
You bludgeon the death yak!!
The death yak looks as sick as possible!
The death yak gores you but does no damage.
You barely miss the death yak.
The death yak is distracted by your dazzling golden aura.
You hit the death yak but do no damage. You drain the death yak.
The death yak is no longer distracted by gold.
The death yak gores you.
You hit the death yak. You burn the death yak. The death yak barely misses you.
You sock the death yak!
The death yak seems to slow down.
You block the death yak's attack.
You barely miss the death yak.
You kill the death yak!
Your life force feels restored.
Your Crossbows skill increases to level 1!
You now have 561 gold pieces (gained 13).
There is an open door, spattered with blood here.
b - 21 javelins (gained 1) Done exploring.
Done exploring.
Done exploring.
There is an open door, spattered with blood here.
There is a stone staircase leading down here.
You climb downwards.
Level annotation: Nergalle
There is a stone staircase leading up here.
Throw: 21 javelins
Aim: a death yak (80% to hit)
You throw a javelin.
The javelin barely misses the death yak.
Throw: 20 javelins
Aim: a death yak (80% to hit)
You throw a javelin.
The javelin barely misses the death yak.
Throw: 19 javelins
Aim: a river rat (60% to hit)
You throw a javelin.
The javelin pierces through the death yak.
The javelin pierces through the death yak!
The javelin barely misses the rat.
The javelin barely misses the river rat.
You block the death yak's attack.
Throw: 18 javelins
Aim: a river rat (60% to hit)
You throw a javelin.
The javelin pierces through the death yak.
The javelin barely misses the death yak.
The javelin closely misses the river rat.
You block the death yak's attack. The death yak gores you!
The death yak barely misses you. The death yak gores you.
You climb upwards.
There is a stone staircase leading down here.
The death yak gores you but does no damage.
There is an escape hatch in the ceiling here.
There is a stone staircase leading up here.
You climb upwards.
Level annotation: 3 runed translucent doors, Ablot's ghost, novice GnWr
There is a stone staircase leading down here.
The orc shouts!
The orc priest shouts!
The orc warrior shouts!
Ablot's ghost turns its malevolent gaze towards you.
You hear a shout!
Ablot's ghost says, "Ah, a second chance to prove myself in battle!"
There is an open door here.
There is an open door here.
There is an escape hatch in the floor here.
There is a stone staircase leading down here.
You climb downwards.
There is a stone staircase leading up here.
The death yak bellows!
The death yak bellows!
There is a stone staircase leading up here.
Throw: 17 javelins
Aim: a death yak (80% to hit)
You throw a javelin.
The javelin pierces through the death yak!
Throw: 16 javelins
Aim: a death yak (lightly wounded, 80% to hit)
You throw a javelin.
The javelin pierces through the death yak but does no damage.
The death yak gores you but does no damage.
You climb upwards.
Level annotation: 3 runed translucent doors, Ablot's ghost, novice GnWr
There is a stone staircase leading down here.
You sock the death yak! You freeze the death yak.
The death yak closely misses you.
You barely miss the death yak. The death yak gores you!
You hit the death yak but do no damage.
The death yak flickers and vanishes for a moment.
The death yak barely misses you.
You sock the death yak!
The death yak goes berserk!
The death yak gores you!! The death yak gores you!
* * * LOW HITPOINT WARNING * * *
Okay, then.
Okay, then.
Okay, then.
You feel very mighty all of a sudden. The death yak gores you.
* * * LOW HITPOINT WARNING * * *
You bludgeon the death yak!!
The death yak seems to speed up.
The death yak gores you!!
* * * LOW HITPOINT WARNING * * *
The death yak gores you!
* * * LOW HITPOINT WARNING * * *
You barely miss the death yak.
The death yak gores you but does no damage.
You sock the death yak! You freeze the death yak. The death yak gores you!
You die...
Your body crumbles into a pile of gold.

.(......#
#.........#
##'###..#
#.######### #.#
#..## #.#
##.###...# #.#
##_..'...# #.#
##.###...# #.# #.#
#...#######.#
##'###...........#
.....?.........Y@#
###.............##
.8###############
..#o....8
..#o.##..
..#o.#8..
..#{.##..#####
..#o#...)#...#
..+.#{..[#...#


You could see a death yak (berserk, fast, invisible).

Vanquished Creatures
  A two-headed ogre (D:8)
  A death yak (D:9)
  Maggie (D:6)
  Prince Ribbit (D:6)
  Sigmund (D:2)
  5 yaks (D:8)
  A wyvern (D:8)
  Menkaure (D:7)
  A water moccasin (D:9)
  Duvessa (D:6)
  13 orc warriors
  A sky beast (D:8)
  4 ogres
  14 centaurs
  2 kobold brigands (D:9)
  6 bullfrogs
  7 scorpions
  Dowan (D:6)
  6 killer bees (D:9)
  A water moccasin skeleton (D:5)
  6 wights
  A howler monkey (D:9)
  An electric eel (D:9)
  A bullfrog zombie (D:5)
  3 centaur zombies
  A gnoll shaman (D:4)
  2 jellies
  4 hounds
  2 orc priests
  2 iguanas
  A hell rat (D:9)
  2 orc wizards
  A killer bee zombie (D:7)
  A hound zombie (D:5)
  2 howler monkey zombies
  A howler monkey skeleton (D:6)
  9 adders
  13 gnolls
  An ufetubus (D:5)
  An adder skeleton (D:4)
  A worm (D:3)
  4 dart slugs
  44 orcs
  19 endoplasms
  6 giant cockroaches
  7 goblins
  5 hobgoblins
  2 jackals (D:1)
  3 quokkas
  8 ball pythons
  6 bats
  4 frilled lizards (D:1)
  21 kobolds
  5 rats
259 creatures vanquished.

Vanquished Creatures (others)
  An orc (D:8)
  2 fungi (D:4)
  A plant (D:9)
  8 toadstools (D:4)
12 creatures vanquished.

Grand Total: 271 creatures vanquished

Notes
Turn   | Place    | Note
-------+----------+-------------------------------------------
     0 | D:1      | CryoSword the Formicid Fighter began the quest for the Orb.
     0 | D:1      | Reached XP level 1. HP: 18/18 MP: 1/1
   220 | D:1      | Reached XP level 2. HP: 24/24 MP: 2/2
   277 | D:1      | Reached XP level 3. HP: 17/29 MP: 3/3
  1019 | D:2      | Reached XP level 4. HP: 36/37 MP: 4/4
  1228 | D:2      | Reached skill level 3 in Staves
  1587 | D:2      | Noticed Sigmund
  1598 | D:2      | Killed Sigmund
  1599 | D:2      | Reached skill level 1 in Dodging
  1599 | D:2      | Reached XP level 5. HP: 12/42 MP: 5/5
  1599 | D:2      | Reached XP level 6. HP: 14/48 MP: 6/6
  1846 | D:2      | Reached skill level 4 in Staves
  1943 | D:3      | Found a faded altar of an unknown god.
  2057 | D:3      | Found a transporter.
  2058 | D:3      | Noticed an ogre
  2058 | D:3      | Noticed McKennaii's ghost (amateur DsFi)
  2059 | D:3      | Noticed an ogre
  2562 | D:3      | Gained mutation: You are dopey. (Int -2) [potion of
                  | mutation]
  3306 | D:4      | Noticed an ogre
  3340 | D:4      | Killed an ogre
  3341 | D:4      | Reached skill level 5 in Shields
  3341 | D:4      | Reached XP level 7. HP: 37/55 MP: 7/7
  4197 | D:5      | Entered Level 5 of the Dungeon
  4209 | D:5      | Reached skill level 5 in Staves
  4238 | D:5      | Reached XP level 8. HP: 43/61 MP: 8/8
  4425 | D:5      | Reached skill level 5 in Armour
  4481 | D:5      | Reached skill level 5 in Fighting
  5310 | D:5      | Reached skill level 6 in Staves
  5827 | D:6      | Reached XP level 9. HP: 60/69 MP: 9/9
  6147 | D:6      | Found an iron altar of Okawaru.
  6147 | D:6      | Noticed Maggie
  6157 | D:6      | Noticed Prince Ribbit
  6327 | D:6      | Found a staircase to the Ecumenical Temple.
  6335 | Temple   | Entered the Ecumenical Temple
  6343 | Temple   | Became a worshipper of Gozag Ym Sagoz the Greedy
  6398 | D:6      | Reached skill level 7 in Staves
  6596 | D:6      | Noticed Dowan
  6597 | D:6      | Noticed Duvessa
  6769 | D:6      | Killed Maggie
  6787 | D:6      | Killed Prince Ribbit
  6854 | D:6      | Killed Duvessa
  7367 | D:6      | Killed Dowan
  7511 | D:7      | Found Unlauc's Distillery.
  7514 | D:7      | Bought a potion of curing for 30 gold pieces
  7514 | D:7      | Bought a potion of lignification for 30 gold pieces
  7514 | D:7      | Bought a potion of heal wounds for 50 gold pieces
  7514 | D:7      | Bought a potion of curing for 30 gold pieces
  7514 | D:7      | Bought a potion of degeneration for 10 gold pieces
  7514 | D:7      | Bought a potion of invisibility for 80 gold pieces
  7527 | D:7      | Found Vaminuss's Armour Boutique.
  7577 | D:7      | Bought a +0 pair of boots for 49 gold pieces
  7738 | D:7      | Noticed Menkaure
  7777 | D:7      | Found Ropriro's General Store.
  7799 | D:7      | Reached XP level 10. HP: 51/77 MP: 10/10
  7815 | D:7      | Bought a scroll of identify for 24 gold pieces
  7826 | D:7      | Found Seten's Weapon Shoppe.
  7856 | D:7      | Found a flagged portal.
  7879 | Bailey   | Entered a bailey
  8142 | Bailey   | Reached skill level 8 in Staves
  8325 | Bailey   | Reached skill level 1 in Evocations
  8337 | Bailey   | Reached skill level 1 in Throwing
 11040 | Bailey   | Reached skill level 5 in Dodging
 12356 | D:7      | Killed Menkaure
 12647 | D:8      | Reached skill level 9 in Staves
 12677 | D:8      | Reached XP level 11. HP: 50/84 MP: 11/11
 12978 | D:8      | Found a runed translucent gate.
 12978 | D:8      | Found a runed translucent gate.
 12978 | D:8      | Found a runed translucent gate.
 12981 | D:8      | Noticed Ablot's ghost (novice GnWr)
 12982 | D:8      | Identified the +8 chain mail of Icicsaxo {Rampage +Blink}
 13252 | D:8      | Found a sacrificial altar of Ru.
 13305 | D:8      | Found a basalt altar of Yredelemnul.
 13427 | D:8      | Noticed a two-headed ogre
 13457 | D:8      | Killed a two-headed ogre
 13518 | D:8      | Found a stormy altar of Qazlal.
 14992 | D:7      | Bought a +0 hand crossbow for 42 gold pieces
 15465 | D:9      | Identified the +9 flail "Haugubro" {chaos, rPois MP-9 Str+8
                  | Stlth-}
 15484 | D:9      | Found a hide-covered altar of Uskayaw.
 15782 | D:9      | Found a shimmering altar of Xom.
 15910 | D:10     | Entered Level 10 of the Dungeon
 15971 | D:10     | Noticed a death yak
 15972 | D:10     | Noticed a death yak
 15972 | D:10     | Noticed Nergalle
 15972 | D:10     | Noticed a death yak
 16141 | D:9      | Killed a death yak
 16142 | D:9      | Reached skill level 1 in Crossbows
 16287 | D:8      | HP: 1/86 [death yak (11)]
 16289 | D:8      | Mangled by a death yak

Illustrated notes

Levels and vault maps discovered:
D:1:      lemuel_arrival_funnel, layout_basic
D:2:      layout_basic, uniq_sigmund
D:3:      layout_rooms, nicolae_ecumenical_pavilion, gammafunk_ghost_smash,
          minmay_puff
D:4:      cheibrodos_fertilizer, layout_loops_ring
D:5:      layout_basic
D:6:      layout_basic, okawaru_ov_weapons_minmay, minmay_temple_entry_wispy,
          uniq_duvessa, uniq_maggie, uniq_prince_ribbit1
D:7:      layout_rooms, enter_bailey_7, serial_shops, shop,
          nicolae_stop_n_shop_2, nicolae_shop_crystal, shop_statue,
          uniq_menkaure
D:8:      layout_basic, mainiacjoe_overflow_six_doors_small,
          lemuel_doored_altar, nicolae_ru_awakened_eye,
          biasface_ghost_orc_armoury
D:9:      layout_gridville, marbit_many_paths, nicolae_uskayaw_suspiria,
          serial_bayou, serial_bayou_pond_c, serial_bayou_pond_c,
          serial_bayou_ford_a, serial_bayou_shore_b, kennysheep_generic_room_11
D:10:     layout_loops_cross, dpeg_lair_monsters, kennysheep_generic_room_10,
          uniq_nergalle, uniq_fannar
Temple:   nicolae_temple_x_marks_the_god

Skill      XL: |  1  2  3  4  5  6  7  8  9 10 11 |
---------------+----------------------------------+-----
Shields        | 4 5 6 7 8 |  8.9
Staves         | 3 4 5 6 7 9 |  9.8
Fighting       | 4 5 6 7 8 |  8.1
Armour         | 4 5 6 7 8 |  8.2
Dodging        | 1 2 3 4 5 |  5.0
Evocations     | 3 4 |  4.3
Throwing       | 2 3 |  3.9
Crossbows      | 1 |  1.2

Action                   |  1- 3 |  4- 6 |  7- 9 | 10-12 || total
-------------------------+-------+-------+-------+-------++-------
Melee: Quarterstaff      |    67 |   182 |   369 |   404 ||  1022
       Trident           |       |       |       |    93 ||    93
       Flail             |       |       |       |    21 ||    21
Throw: Boomerang         |       |       |     6 |    70 ||    76
       Dart              |       |       |       |     8 ||     8
       Javelin           |       |       |       |    10 ||    10
Invok: Call Merchant     |       |       |       |     1 ||     1
 Abil: Dig               |       |     2 |       |     2 ||     4
Evoke: Wand              |       |       |       |    10 ||    10
  Use: Potion            |       |     2 |     1 |    11 ||    14
       Scroll            |       |    10 |     6 |     6 ||    22
 Stab: Invisible         |       |       |     1 |     7 ||     8
       Distracted        |       |       |     1 |     2 ||     3
Armor: Scale mail        |    39 |    73 |       |       ||   112
       Chain mail        |       |     9 |   141 |       ||   150
       Steam dragon scal |       |       |    50 |   151 ||   201
       Skin              |       |       |       |    48 ||    48
       Plate armour      |       |       |       |    22 ||    22
Dodge: Dodged            |    30 |    85 |   176 |   329 ||   620
Block: Buckler           |    12 |    34 |    83 |   153 ||   282
